 Dungeon Crawl Stone Soup version 0.23.2-40-g277498a001 (webtiles) character file.

Game seed: 5906066345658259058

25 Descartes the Skirmisher (level 3, -5/30 HPs)
             Began as a Formicid Abyssal Knight on Oct 12, 2019.
             Was a Believer of Lugonu.
             Slain by an ogre
             ... wielding a cursed -3 giant club
              (26 damage)
             ... on level 2 of the Dungeon.
             The game lasted 00:02:46 (1042 turns).

Descartes the Skirmisher (Formicid Abyssal Knight)  Turns: 1042, Time: 00:02:47

Health: -5/30      AC:  3    Str: 16    XL:     3   Next: 17%
Magic:  4/4        EV: 11    Int: 12    God:    Lugonu [**....]
Gold:   38         SH:  0    Dex: 10    Spells: 2/2 levels left

rFire    . . .     SeeInvis +   a - +1 hand axe
rCold    . . .     Gourm    .   (no shield)
rNeg     . . .     Faith    .   b - +0 leather armour
rPois    .         Spirit   .   (helmet unavailable)
rElec    .         Reflect  .   (no cloak)
rCorr    .         Harm     .   (no gloves)
MR       .....                  (no boots)
Stlth    +.........             (no amulet)
HPRegen  0.10/turn              (no ring)
MPRegen  0.09/turn              (no ring)

@: no status effects
A: permanent stasis, dig shafts and tunnels, four strong arms, antennae 3
a: Dig, Shaft Self, Depart the Abyss, Bend Space, Renounce Religion


You were on level 2 of the Dungeon.
You worshipped Lugonu.
Lugonu was pleased with you.
You were not hungry.

You visited 1 branch of the dungeon, and saw 2 of its levels.
You visited the Abyss 1 time.

You collected 38 gold pieces.

Inventory:

Hand Weapons
 a - a +1 hand axe (weapon)
Missiles
 e - 70 stones (quivered)
 j - 24 arrows
Armour
 b - a +0 leather armour (worn)
Scrolls
 d - a scroll of teleportation {unknown}
 i - 2 scrolls of identify {unknown}
 l - a scroll of fear {unknown}
Potions
 f - 2 potions of curing {unknown}
 g - a potion of flight {unknown}
 k - a potion of berserk rage {unknown}
Comestibles
 c - 2 rations


   Skills:
 + Level 4.0 Fighting
 + Level 2.4 Axes
 + Level 2.5 Armour
 + Level 0.9 Dodging
 + Level 2.2 Invocations


You had 2 spell levels left.
You didn't know any spells.
Your spell library was empty.

Dungeon Overview and Level Annotations

Branches:
Dungeon (2/15)

Altars:


Innate Abilities, Weirdness & Mutations

You cannot be hasted, slowed, berserked, paralysed or teleported.
You can dig through walls and to a lower floor.
Your four strong arms can wield two-handed weapons with a shield.
You have a pair of large antennae on your head. (SInv)


Message History

The quokka bites you but does no damage.
The quokka misses you.
You slash the quokka!
You kill the quokka!
Lugonu accepts your kill.
Your Fighting skill increases to level 4!
You barely miss the ogre.
The ogre hits you with a cursed -3 giant club.
You barely miss the ogre. The ogre misses you.
You slash the ogre!
The ogre is moderately wounded.
The ogre hits you with a cursed -3 giant club!
You barely miss the ogre.
The ogre is moderately wounded.
The ogre closely misses you.
You hit the ogre but do no damage.
The ogre is moderately wounded.
The ogre hits you with a cursed -3 giant club!!
Ouch! That really hurt!
You die...

#. .# # #. #. #
#.#.#.###. ..
#.....(.. ..
##.......# .###
.... ###<##.....
#....#.#........
......#%)#######
#....O@....#
#..#.#.###.# ..
##.## # .. ###


You could see an ogre.

Vanquished Creatures
  2 dart slugs (D:1)
  2 bats (D:1)
  2 goblins
  4 hobgoblins
  2 kobolds (D:1)
  A quokka (D:2)
  3 frilled lizards (D:1)
  4 rats
20 creatures vanquished.

Notes
Turn   | Place    | Note
-------+----------+-------------------------------------------
     0 | Abyss:1  | Descartes the Formicid Abyssal Knight began the quest for
                  | the Orb.
     0 | Abyss:1  | Reached XP level 1. HP: 18/18 MP: 2/2
    11 | Abyss:1  | Noticed a kraken
    39 | Abyss:1  | Noticed a ynoxinul
    43 | D:1      | Escaped the Abyss
   326 | D:1      | Reached XP level 2. HP: 24/24 MP: 3/3
   806 | D:1      | Reached XP level 3. HP: 21/30 MP: 4/4
  1032 | D:2      | Reached ** piety under Lugonu
  1035 | D:2      | Noticed an ogre
  1037 | D:2      | Reached skill level 4 in Fighting
  1042 | D:2      | Slain by an ogre

Skill      XL: |  1  2  3 |
---------------+----------+-----
Fighting       | 4 |  4.0
Axes           | |  2.4
Armour         | |  2.5
Dodging        | |  0.9
Invocations    | |  2.2

Action                   || total
-------------------------++-------
Melee: Hand axe          ||    52
Armor: Leather armour    ||    17
Dodge: Dodged            ||    35
